 Dungeon Crawl Stone Soup version 0.31-a0-233-g139696dc86 (webtiles) character file.

Game seed: 6433723112324302708

44063 qw the Marksgargoyle (level 14, -10/91 HPs)
             Began as a Gargoyle Hexslinger on July 7, 2023.
             Was a High Priest of Okawaru.
             Mangled by an elephant simulacrum (20 damage)
             ... on level 5 of the Lair of Beasts.
             The game lasted 00:07:34 (13015 turns).

qw the Marksgargoyle (Gargoyle Hexslinger)         Turns: 13015, Time: 00:07:35

Health: -10/91     AC: 23    Str: 12    XL:     14   Next: 27%
Magic:  20/21      EV: 19    Int: 17    God:    Okawaru [*****.]
Gold:   811        SH:  0    Dex: 19    Spells: 14/15 levels left

rFire   + . .        Y - +1 longbow
rCold   . . .        (shield currently unavailable)
rNeg    + . .        f - +0 troll leather armour
rPois   inf          o - +0 helmet
rElec   +            k - +0 cloak
rCorr   .            g - +1 pair of gloves
SInv    .            i - +0 pair of boots
Will    +....        b - amulet "Haumpipn" {Faith Regen+ Int+2 Dex+3 Stlth+}
Stlth   ++++         (no ring)
HPRegen 1.95/turn    (no ring)
MPRegen 0.17/turn

%: faith
@: about to teleport, heroic, flying
A: sickness immunity, AC +10, big wings, negative energy resistance 1,
electricity resistance, torment resistance 1, petrification resistance, fire
resistance 1, noise suppression
a: Renounce Religion, Heroism, Finesse, Duel


You were on level 5 of the Lair of Beasts.
You worshipped Okawaru.
Okawaru was extremely pleased with you.
You visited 2 branches of the dungeon, and saw 15 of its levels.

You collected 915 gold pieces.
You spent 104 gold pieces at shops.


Innate Abilities, Weirdness & Mutations

You are immune to sickness and miasma.
Your stone body is resilient. (AC +10)
You are immune to poison.
Your large and strong wings let you fly.
You resist negative energy. (rN+)
You are resistant to electric shocks. (rElec)
You are resistant to unholy torment.
You are immune to petrification.
Your flesh is heat resistant. (rF+)
You passively dampen the noise of your surroundings.


   Skills:
 + Level 11.7(16.7) Fighting
 - Level 18.0(23.0) Ranged Weapons
 - Level 6.0(11.0) Armour
 - Level 6.0(11.0) Dodging
 - Level 1.0 Spellcasting
 - Level 2.6 Hexes
 - Level 10.0 Invocations


You had 14 spell levels left.
You knew the following spells:

 Your Spells              Type           Power      Damage    Failure   Level
a - Slow                  Hex            36%        N/A       9%          1

Your spell library contained the following spells:

 Spells                   Type           Power      Damage    Failure   Level
 Inner Flame              Hex/Fire       5%         N/A       41%         3
 Portal Projectile        Hex/Tloc       10%        N/A       41%         3
 Cause Fear               Hex            4%         N/A       65%         4

Inventory:

Hand Weapons
 Y - a +1 longbow (weapon)
Armour
 f - a +0 troll leather armour (worn)
 g - a +1 pair of gloves (worn)
 i - a +0 pair of boots (worn)
 k - a +0 cloak (worn)
 o - a +0 helmet (worn)
Jewellery
 b - the amulet "Haumpipn" (around neck) {Faith Regen+ Int+2 Dex+3 Stlth+}
   (You acquired it on level 2 of the Dungeon)

   [amulet of faith]

   It allows you to gain divine favour quickly.
   Int:       It affects your intelligence (+2).
   Dex:       It affects your dexterity (+3).
   Regen:     It increases your rate of health regeneration.
   Stlth:     It makes you more stealthy.
Scrolls
 a - 2 scrolls of identify
 j - a scroll of teleportation
Potions
 c - 3 potions of magic
 d - 6 potions of haste
 e - a potion of cancellation
 h - a potion of might
 m - a potion of resistance
 n - 3 potions of mutation
 p - 5 potions of curing

Dungeon Overview and Level Annotations

Branches:
Dungeon (10/15)            Temple (0/1) D:7            Lair (5/5) D:10
  Swamp (0/4) Lair:3        Snake (0/4) Lair:2        Slime (0/5) Lair:5
    Orc: D:9-12

Altars:
Elyvilon
Fedhas
Hepliaklqana
Okawaru
Qazlal
Ru
Vehumet
Wu Jian
Yredelemnul

Shops:
D:6 *

Annotations:
Lair:2 2 transporters, qw's ghost, journeyman DEHu
Lair:5 1 runed translucent door


Message History

The spectral death yak is moderately damaged.
The spectral death yak closely misses you.
You shoot an arrow. The arrow hits the spectral death yak.
The spectral death yak is heavily damaged.
The elephant simulacrum barely misses you.
The elephant simulacrum closely misses you.
You shoot an arrow.
The arrow hits the spectral death yak but does no damage.
The spectral death yak is heavily damaged.
The spectral death yak gores you but does no damage.
You shoot an arrow. The arrow hits the spectral death yak!
The spectral death yak is heavily damaged.
The elephant simulacrum completely misses you.
The elephant simulacrum trunk-slaps you.
The elephant simulacrum freezes you!!
The spectral death yak closely misses you.
13011 ||| READING 2 scrolls of teleportation.
As you read the scroll of teleportation, it crumbles to dust.
You feel strangely unstable. The spectral death yak gores you!
The elephant simulacrum tramples you but does no damage.
The elephant simulacrum trunk-slaps you but does no damage.
You shoot an arrow. The arrow hits the spectral death yak!
The spectral death yak is severely damaged.
The spectral death yak closely misses you.
You shoot an arrow.
The arrow hits the spectral death yak but does no damage.
The spectral death yak is severely damaged.
The elephant simulacrum barely misses you.
The elephant simulacrum trunk-slaps you but does no damage.
You shoot an arrow. The arrow hits the spectral death yak!!
The spectral death yak is almost destroyed.
The spectral death yak gores you!
You shoot an arrow. The arrow hits the spectral death yak!
You destroy the spectral death yak!
Okawaru accepts your kill.
The elephant simulacrum barely misses you.
The elephant simulacrum trunk-slaps you.
The elephant simulacrum freezes you!!
You die...

##.###
#P.P#
###.# #.##
#.P# ##.#
##
#.#####..#
#..P.'...#
###@Z'...#
+.P8##...#
##### .#


You could see an elephant simulacrum.

Vanquished Creatures
  4 hydras
  A catoblepas (Lair:3)
  Erica (D:10)
  A boulder beetle (Lair:5)
  A two-headed ogre (D:10)
  Urug (D:10)
  A spectral death yak (Lair:5)
  2 skysharks
  A lindwurm (Lair:1)
  A manticore (D:8)
  A cyclops (D:8)
  An oklob plant (Lair:1)
  14 elephants
  6 black mambas
  13 cane toads
  A gargoyle (D:10)
  A torpor snail (Lair:1)
  A rime drake (Lair:3)
  7 komodo dragons
  2 hornets
  2 trolls
  5 dream sheep (Lair:4)
  27 blink frogs
  Grinder (D:3)
  2 polar bears
  2 spectral elephants (Lair:5)
  Sigmund (D:4)
  A shadow (D:10)
  A wraith (D:9)
  45 yaks
  A wyvern (Lair:3)
  3 steam dragons
  Eustachio (D:4)
  3 basilisks
  2 nagas (Lair:2)
  11 water moccasins
  Duvessa (D:7)
  An ice beast (D:7)
  4 orc warriors
  A black bear (D:5)
  2 sky beasts
  27 wolves
  An ogre (D:6)
  5 centaurs
  A kobold brigand (D:8)
  2 gnoll sergeants
  6 scorpions
  7 bullfrogs
  8 wights
  Dowan (D:7)
  5 electric eels (Lair:3)
  A gnoll bouda (D:3)
  2 hounds
  5 jellies
  3 orc priests
  2 sleepcaps
  5 iguanas
  12 orc wizards
  7 gnolls
  9 adders
  A shadow imp (D:7)
  An ufetubus (D:4)
  3 worms (D:2)
  8 dart slugs
  29 orcs
  8 ball pythons
  8 bats
  4 endoplasms
  15 giant cockroaches
  6 goblins
  5 hobgoblins
  6 quokkas
  3 frilled lizards
  12 kobolds
  5 rats
401 creatures vanquished.

Notes
Turn   | Place    | Note
-------+----------+-------------------------------------------
     0 | D:1      | qw the Gargoyle Hexslinger began the quest for the Orb.
     0 | D:1      | Reached XP level 1. HP: 12/12 MP: 2/2
     0 | D:1      | 0 ||| qw: Version: 0.3-a-46-gb1f654a
     0 | D:1      | 0 ||| qw: Game counter: 3200
     0 | D:1      | 0 ||| qw: Melee chars always use a shield: true
     0 | D:1      | 0 ||| qw: God list: Okawaru
     0 | D:1      | 0 ||| qw: Allow faded altars: false
     0 | D:1      | 0 ||| qw: Do Orc after clearing Dungeon:15 true
     0 | D:1      | 0 ||| qw: Do second Lair branch before Depths: true
     0 | D:1      | 0 ||| qw: Lair rune preference: random
     0 | D:1      | 0 ||| qw: Goals: Normal
     0 | D:1      | 0 ||| PLANNING D:1-11
    93 | D:1      | 93 ||| FLEEEEING.
    94 | D:1      | 94 ||| FLEEEEING.
    95 | D:1      | 95 ||| FLEEEEING.
    96 | D:1      | 96 ||| FLEEEEING.
    97 | D:1      | 97 ||| FLEEEEING.
    98 | D:1      | 98 ||| FLEEEEING.
    99 | D:1      | 99 ||| FLEEEEING.
   100 | D:1      | 100 ||| FLEEEEING.
   101 | D:1      | 101 ||| FLEEEEING.
   102 | D:1      | 102 ||| FLEEEEING.
   103 | D:1      | 103 ||| FLEEEEING.
   104 | D:1      | 104 ||| FLEEEEING.
   105 | D:1      | 105 ||| FLEEEEING.
   216 | D:1      | Reached XP level 2. HP: 16/16 MP: 3/3
   251 | D:1      | Reached skill level 3 in Ranged Weapons
   468 | D:1      | 468 ||| UPGRADING to +0 pair of boots.
   473 | D:1      | 473 ||| UPGRADING to +0 ring mail.
   483 | D:1      | 483 ||| DROPPING +0 robe.
   484 | D:1      | 484 ||| READING 2 scrolls labelled CERRAPT BISE.
   485 | D:1      | 485 ||| READING scroll labelled LEUXYE TI SIU.
   486 | D:1      | 486 ||| READING scroll labelled DUCIOPL MICWIU.
   487 | D:1      | 487 ||| READING scroll labelled OPEAMO NAHICZA.
   488 | D:1      | 488 ||| DRINKING 3 fizzy inky potions.
   489 | D:1      | 489 ||| DROPPING scroll of poison.
   525 | D:2      | Reached XP level 3. HP: 21/21 MP: 4/4
   550 | D:2      | 550 ||| FLEEEEING.
   551 | D:2      | 551 ||| FLEEEEING.
   552 | D:2      | 552 ||| FLEEEEING.
   610 | D:2      | Reached skill level 1 in Armour
   787 | D:2      | Reached XP level 4. HP: 22/26 MP: 5/5
   849 | D:2      | Found a faded altar of an unknown god.
  1213 | D:2      | 1213 ||| READING scroll labelled XEWIKE LAUZ.
  1217 | D:2      | 1217 ||| READING scroll labelled VUNTAE RYMIOT.
  1217 | D:2      | Identified a scroll of acquirement
  1217 | D:2      | 1217 ||| ACQUIRING amulet "Haumpipn" {Faith Regen+ Int+2
                  | Dex+3 Stlth+}
  1217 | D:2      | Acquired the amulet "Haumpipn" {Faith Regen+ Int+2 Dex+3
                  | Stlth+}
  1219 | D:2      | 1219 ||| UPGRADING to amulet "Haumpipn" {Faith Regen+ Int+2
                  | Dex+3 Stlth+}.
  1224 | D:2      | 1224 ||| DRINKING 2 emerald potions.
  1275 | D:3      | Reached skill level 4 in Ranged Weapons
  1316 | D:3      | 1316 ||| Stepping ~*~*~tactically~*~*~ (outnumbered).
  1321 | D:3      | Noticed Grinder
  1329 | D:3      | Reached XP level 5. HP: 17/30 MP: 6/6
  1350 | D:3      | 1350 ||| FLEEEEING.
  1369 | D:3      | Paralysed by Grinder for 2 turns
  1387 | D:3      | Killed Grinder
  1388 | D:3      | Reached skill level 6 in Ranged Weapons
  1388 | D:3      | Reached XP level 6. HP: 29/35 MP: 7/7
  1458 | D:3      | 1458 ||| UPGRADING to +0 pair of gloves.
  1490 | D:3      | 1490 ||| DRINKING potion of curing.
  1490 | D:3      | 1490 ||| (to cure confusion)
  1653 | D:3      | 1653 ||| UPGRADING to +0 cloak.
  1872 | D:3      | Identified the +11 short sword of Devagiha {antimagic,
                  | *Slow rF+++ rCorr}
  2050 | D:3      | 2050 ||| READING scroll labelled SIER CEONOX.
  2051 | D:3      | 2051 ||| READING scroll labelled ENUG JOACOI.
  2052 | D:3      | 2052 ||| READING scroll labelled MUTAAB VUOFOTH.
  2183 | D:4      | 2183 ||| Stepping ~*~*~tactically~*~*~ (outnumbered).
  2187 | D:4      | 2187 ||| FLEEEEING.
  2190 | D:4      | Reached skill level 3 in Fighting
  2191 | D:4      | 2191 ||| STAIRDANCE
  2193 | D:4      | 2193 ||| STAIRDANCE
  2195 | D:4      | 2195 ||| STAIRDANCE
  2217 | D:4      | Reached XP level 7. HP: 39/41 MP: 8/8
  2222 | D:4      | 2222 ||| STAIRDANCE
  2374 | D:4      | Noticed Eustachio
  2391 | D:4      | Killed Eustachio
  2392 | D:4      | Reached skill level 7 in Ranged Weapons
  2488 | D:4      | Reached XP level 8. HP: 44/48 MP: 9/9
  2519 | D:4      | Reached skill level 8 in Ranged Weapons
  2519 | D:4      | Noticed Sigmund
  2524 | D:4      | Killed Sigmund
  2659 | D:4      | Found an iron altar of Okawaru.
  2660 | D:4      | 2660 ||| PLANNING OKAWARU WORSHIP
  2660 | D:4      | 2660 ||| UPGRADING to +3 ring mail.
  2670 | D:4      | 2670 ||| DROPPING +0 ring mail.
  2671 | D:4      | 2671 ||| UPGRADING to +0 helmet.
  2684 | D:4      | Became a worshipper of Warmaster Okawaru
  2685 | D:4      | 2685 ||| PLANNING D:1-11
  2689 | D:4      | Found a hazy altar of Hepliaklqana.
  2693 | D:4      | Found a sacrificial altar of Ru.
  3012 | D:4      | 3012 ||| READING scroll labelled VOATSEEWEAB.
  3013 | D:4      | 3013 ||| READING 2 scrolls of identify.
  3013 | D:4      | 3013 ||| IDENTIFYING sapphire potion
  3014 | D:4      | 3014 ||| DROPPING potion of attraction.
  3047 | D:5      | Entered Level 5 of the Dungeon
  3139 | D:5      | Reached skill level 3 in Armour
  3286 | D:5      | Reached * piety under Okawaru
  3287 | D:5      | Reached skill level 9 in Ranged Weapons
  3287 | D:5      | 3287 ||| FLEEEEING.
  3288 | D:5      | 3288 ||| FLEEEEING.
  3289 | D:5      | 3289 ||| FLEEEEING.
  3290 | D:5      | 3290 ||| FLEEEEING.
  3291 | D:5      | 3291 ||| FLEEEEING.
  3452 | D:5      | Reached skill level 1 in Invocations
  3612 | D:5      | 3612 ||| READING scroll labelled LINUCLA CUORHU.
  3613 | D:5      | 3613 ||| READING scroll labelled QAMPEC VANEI.
  3714 | D:5      | 3714 ||| READING 2 scrolls of identify.
  3714 | D:5      | 3714 ||| IDENTIFYING viscous white potion
  3752 | D:6      | 3752 ||| INVOKING Heroism.
  3759 | D:6      | Reached XP level 9. HP: 55/55 MP: 7/10
  3806 | D:6      | Reached skill level 6 in Fighting
  3826 | D:6      | Reached skill level 3 in Invocations
  3836 | D:6      | Found Nuluman's Assorted Antiques.
  3840 | D:6      | 3840 ||| BUYING potion of curing (78 gold).
  3840 | D:6      | Bought a potion of curing for 78 gold pieces
  3840 | D:6      | 3840 ||| SHOPLISTING potion of haste (260 gold, have 115).
  3840 | D:6      | 3840 ||| SHOPLISTING runed scarf (208 gold, have 115).
  3840 | D:6      | 3840 ||| BUYING scroll labelled YBOFFE RENT (26 gold).
  3840 | D:6      | Bought a scroll labelled YBOFFE RENT for 26 gold pieces
  3862 | D:6      | 3862 ||| INVOKING Heroism.
  3955 | D:6      | 3955 ||| INVOKING Heroism.
  4070 | D:6      | 4070 ||| INVOKING Heroism.
  4368 | D:6      | Found a basalt altar of Yredelemnul.
  4432 | D:6      | 4432 ||| INVOKING Heroism.
  4583 | D:6      | 4583 ||| READING scroll labelled YBOFFE RENT.
  4593 | D:6      | 4593 ||| DRINKING 2 fuming red potions.
  4594 | D:6      | 4594 ||| READING 2 scrolls of identify.
  4594 | D:6      | 4594 ||| IDENTIFYING grey potion
  4595 | D:6      | 4595 ||| DROPPING potion of degeneration.
  4654 | D:7      | 4654 ||| INVOKING Heroism.
  4772 | D:7      | Reached skill level 10 in Ranged Weapons
  4791 | D:7      | Found a radiant altar of Vehumet.
  4793 | D:7      | Noticed Dowan
  4794 | D:7      | 4794 ||| INVOKING Heroism.
  4810 | D:7      | Killed Dowan
  4811 | D:7      | 4811 ||| INVOKING Heroism.
  4814 | D:7      | 4814 ||| FLEEEEING.
  4848 | D:7      | Noticed Duvessa
  4849 | D:7      | 4849 ||| INVOKING Heroism.
  4857 | D:7      | Killed Duvessa
  4858 | D:7      | Reached skill level 3 in Dodging
  4893 | D:7      | 4893 ||| READING scroll of enchant weapon.
  4893 | D:7      | 4893 ||| ENCHANTING +2 heavy sling.
  4910 | D:7      | 4910 ||| INVOKING Heroism.
  5117 | D:7      | Found a staircase to the Ecumenical Temple.
  5200 | D:7      | 5200 ||| SWAPPING to +0 orcbow.
  5201 | D:7      | 5201 ||| DROPPING +3 heavy sling.
  5437 | D:7      | 5437 ||| DROPPING amulet of regeneration.
  5438 | D:7      | 5438 ||| DRINKING 2 purple potions.
  5438 | D:7      | Gained mutation: Your flesh is heat resistant. (rF+)
                  | [potion of mutation]
  5438 | D:7      | Gained mutation: You passively dampen the noise of your
                  | surroundings. [potion of mutation]
  5439 | D:7      | 5439 ||| READING 3 scrolls of identify.
  5439 | D:7      | 5439 ||| IDENTIFYING fizzy amethyst potion
  5440 | D:7      | 5440 ||| READING 2 scrolls of identify.
  5440 | D:7      | 5440 ||| IDENTIFYING fuming blue potion
  5441 | D:7      | 5441 ||| DROPPING potion of brilliance.
  5520 | D:8      | Noticed a cyclops
  5521 | D:8      | 5521 ||| INVOKING Heroism.
  5526 | D:8      | 5526 ||| FLEEEEING.
  5527 | D:8      | 5527 ||| STAIRDANCE
  5560 | D:8      | 5560 ||| INVOKING Heroism.
  5563 | D:8      | Killed a cyclops
  5563 | D:8      | Reached ** piety under Okawaru
  5564 | D:8      | Reached XP level 10. HP: 63/63 MP: 10/13
  5618 | D:8      | Reached skill level 11 in Ranged Weapons
  5645 | D:8      | 5645 ||| FLEEEEING.
  5647 | D:8      | 5647 ||| FLEEEEING.
  5648 | D:8      | 5648 ||| FLEEEEING.
  5649 | D:8      | 5649 ||| FLEEEEING.
  5650 | D:8      | 5650 ||| FLEEEEING.
  5785 | D:8      | 5785 ||| READING scroll of enchant weapon.
  5785 | D:8      | 5785 ||| ENCHANTING +0 orcbow.
  5819 | D:8      | Noticed a manticore
  5820 | D:8      | 5820 ||| INVOKING Heroism.
  5825 | D:8      | Killed a manticore
  5840 | D:8      | Identified the +6 short sword "Fehu" {flame, Will+ rCorr
                  | Str+2 Stlth+}
  6430 | D:9      | 6430 ||| INVOKING Heroism.
  6461 | D:9      | Found an ornate altar of the Wu Jian Council.
  6589 | D:9      | Found a white marble altar of Elyvilon.
  6649 | D:9      | Reached *** piety under Okawaru
  6653 | D:9      | 6653 ||| INVOKING Heroism.
  6669 | D:9      | Reached skill level 12 in Ranged Weapons
  6783 | D:9      | 6783 ||| INVOKING Heroism.
  6826 | D:9      | 6826 ||| READING scroll of enchant weapon.
  6826 | D:9      | 6826 ||| ENCHANTING +1 orcbow.
  6845 | D:9      | 6845 ||| INVOKING Heroism.
  6874 | D:9      | 6874 ||| INVOKING Heroism.
  6984 | D:9      | 6984 ||| INVOKING Heroism.
  7040 | D:9      | 7040 ||| SWAPPING to +0 longbow.
  7059 | D:9      | 7059 ||| INVOKING Heroism.
  7082 | D:9      | 7082 ||| DROPPING +2 orcbow.
  7366 | D:9      | 7366 ||| DROPPING amulet of magic regeneration.
  7367 | D:9      | 7367 ||| READING scroll labelled WOAXIKHEIG.
  7396 | D:10     | Entered Level 10 of the Dungeon
  7444 | D:10     | Noticed a two-headed ogre
  7445 | D:10     | 7445 ||| INVOKING Heroism.
  7450 | D:10     | Killed a two-headed ogre
  7451 | D:10     | Reached skill level 13 in Ranged Weapons
  7451 | D:10     | Reached XP level 11. HP: 68/68 MP: 11/14
  7530 | D:10     | 7530 ||| INVOKING Heroism.
  7552 | D:10     | 7552 ||| INVOKING Heroism.
  7556 | D:10     | Reached skill level 9 in Fighting
  7600 | D:10     | Noticed Urug
  7601 | D:10     | 7601 ||| FLEEEEING.
  7606 | D:10     | 7606 ||| INVOKING Heroism.
  7618 | D:10     | HP: 11/71 [Urug/+2 vampiric double sword (14)]
  7619 | D:10     | 7619 ||| READING 2 scrolls of teleportation.
  7621 | D:10     | HP: 2/71 [Urug/+2 vampiric double sword (10)]
  7721 | D:10     | Noticed Erica
  7722 | D:10     | 7722 ||| INVOKING Heroism.
  7735 | D:10     | Killed Erica
  7743 | D:10     | HP: 7/71 [Urug/+2 vampiric double sword (24)]
  7744 | D:10     | 7744 ||| READING scroll of teleportation.
  7749 | D:10     | Killed Urug
  7749 | D:10     | Reached **** piety under Okawaru
  7998 | D:10     | Received a gift from Okawaru
  8026 | D:10     | Found a staircase to the Lair.
  8065 | D:10     | 8065 ||| PLANNING LAIR
  8065 | D:10     | 8065 ||| UPGRADING to +0 troll leather armour.
  8075 | D:10     | 8075 ||| DROPPING +3 ring mail.
  8076 | D:10     | 8076 ||| READING 2 scrolls of identify.
  8076 | D:10     | 8076 ||| IDENTIFYING murky red potion
  8077 | D:10     | 8077 ||| DROPPING potion of lignification.
  8091 | Lair:1   | Entered Level 1 of the Lair of Beasts
  8101 | Lair:1   | 8101 ||| Stepping ~*~*~tactically~*~*~ (water).
  8102 | Lair:1   | 8102 ||| INVOKING Heroism.
  8128 | Lair:1   | 8128 ||| INVOKING Heroism.
  8140 | Lair:1   | 8140 ||| INVOKING Heroism.
  8157 | Lair:1   | 8157 ||| INVOKING Heroism.
  8171 | Lair:1   | HP: 16/71 [yak[a torpor snail] (5)]
  8210 | Lair:1   | 8210 ||| INVOKING Heroism.
  8216 | Lair:1   | Reached skill level 6 in Invocations
  8245 | Lair:1   | 8245 ||| INVOKING Heroism.
  8263 | Lair:1   | Noticed a lindwurm
  8267 | Lair:1   | 8267 ||| INVOKING Heroism.
  8273 | Lair:1   | Killed a lindwurm
  8292 | Lair:1   | Received a gift from Okawaru
  8351 | Lair:1   | 8351 ||| INVOKING Heroism.
  8388 | Lair:1   | Found a blossoming altar of Fedhas.
  8412 | Lair:1   | Noticed an oklob plant
  8413 | Lair:1   | 8413 ||| INVOKING Heroism.
  8444 | Lair:1   | Killed an oklob plant
  8445 | Lair:1   | Reached skill level 14 in Ranged Weapons
  8490 | Lair:1   | Reached XP level 12. HP: 76/76 MP: 17/17
  8496 | Lair:1   | 8496 ||| INVOKING Heroism.
  8650 | Lair:1   | 8650 ||| INVOKING Heroism.
  8710 | Lair:1   | 8710 ||| INVOKING Heroism.
  8772 | Lair:1   | Reached ***** piety under Okawaru
  8789 | Lair:1   | Found a stormy altar of Qazlal.
  8791 | Lair:1   | 8791 ||| INVOKING Heroism.
  9073 | Lair:2   | Noticed a seven-headed hydra
  9074 | Lair:2   | 9074 ||| INVOKING Heroism.
  9080 | Lair:2   | Killed a seven-headed hydra
  9217 | Lair:2   | Reached skill level 9 in Invocations
  9282 | Lair:2   | Noticed a skyshark
  9292 | Lair:2   | 9292 ||| INVOKING Heroism.
  9293 | Lair:2   | Killed a skyshark
  9418 | Lair:2   | You fall into a shaft and drop 2 floors!
  9426 | Lair:4   | Identified the +3 buckler of an ossuary {+Inv} (Okawaru
                  | gifted it to you on level 4 of the Lair of Beasts)
  9426 | Lair:4   | Received a gift from Okawaru
  9444 | Lair:4   | 9444 ||| READING scroll of enchant armour.
  9444 | Lair:4   | 9444 ||| ENCHANTING +0 pair of gloves.
  9460 | Lair:4   | 9460 ||| INVOKING Heroism.
  9634 | Lair:4   | 9634 ||| STAIRDANCE
  9641 | Lair:3   | 9641 ||| INVOKING Heroism.
  9664 | Lair:3   | Reached skill level 15 in Ranged Weapons
  9732 | Lair:3   | Noticed an eight-headed hydra
  9733 | Lair:3   | 9733 ||| INVOKING Heroism.
  9742 | Lair:3   | Killed an eight-headed hydra
  9788 | Lair:3   | 9788 ||| INVOKING Heroism.
  9801 | Lair:3   | Reached XP level 13. HP: 64/82 MP: 18/20
  9950 | Lair:3   | 9950 ||| INVOKING Heroism.
  9951 | Lair:3   | 9951 ||| INVOKING Finesse.
 10077 | Lair:3   | Found a staircase to the Swamp.
 10078 | Lair:3   | 10078 ||| READING 3 scrolls labelled NALEFY METIWNO.
 10079 | Lair:3   | 10079 ||| READING 2 scrolls of identify.
 10079 | Lair:3   | 10079 ||| IDENTIFYING green potion
 10080 | Lair:3   | 10080 ||| DROPPING potion of ambrosia.
 10081 | Lair:3   | 10081 ||| DROPPING 2 scrolls of immolation.
 10083 | Lair:3   | 10083 ||| Stepping ~*~*~tactically~*~*~ (outnumbered).
 10089 | Lair:3   | 10089 ||| Stepping ~*~*~tactically~*~*~ (outnumbered).
 10103 | Lair:3   | Reached skill level 16 in Ranged Weapons
 10182 | Lair:3   | 10182 ||| INVOKING Heroism.
 10204 | Lair:3   | Reached skill level 6 in Armour
 10247 | Lair:2   | Received a gift from Okawaru
 10260 | Lair:2   | Found a staircase to the Snake Pit.
 10275 | Lair:2   | 10275 ||| INVOKING Heroism.
 10303 | Lair:2   | Found a transporter.
 10454 | Lair:2   | Identified the +9 flail "Amaqif" {freeze, rF+ Int+2}
 10589 | Lair:2   | Noticed qw's ghost (journeyman DEHu)
 10593 | Lair:2   | Found a transporter.
 10614 | Lair:2   | 10614 ||| INVOKING Heroism.
 11479 | Lair:3   | 11479 ||| READING 2 scrolls of identify.
 11479 | Lair:3   | 11479 ||| IDENTIFYING pink potion
 11517 | Lair:4   | 11517 ||| STAIRDANCE
 11559 | Lair:4   | 11559 ||| INVOKING Heroism.
 11632 | Lair:4   | Identified the +0 robe of Rissyalaxo {rPois Dex+3} (Okawaru
                  | gifted it to you on level 4 of the Lair of Beasts)
 11632 | Lair:4   | Received a gift from Okawaru
 11812 | Lair:4   | 11812 ||| DROPPING +0 robe of Rissyalaxo {rPois Dex+3}.
 11832 | Lair:4   | Reached skill level 6 in Dodging
 12042 | Lair:4   | Identified the +8 orcbow of Seankoq {drain, *Corrode Str+7}
 12044 | Lair:4   | 12044 ||| DROPPING +8 orcbow of Seankoq {drain, *Corrode
                  | Str+7}.
 12079 | Lair:4   | 12079 ||| READING scroll of enchant weapon.
 12079 | Lair:4   | 12079 ||| ENCHANTING +0 longbow.
 12208 | Lair:4   | 12208 ||| DROPPING scarf of harm.
 12214 | Lair:5   | Entered Level 5 of the Lair of Beasts
 12215 | Lair:5   | 12215 ||| INVOKING Heroism.
 12226 | Lair:5   | 12226 ||| STAIRDANCE
 12290 | Lair:5   | 12290 ||| INVOKING Heroism.
 12405 | Lair:5   | 12405 ||| INVOKING Heroism.
 12429 | Lair:5   | Reached skill level 17 in Ranged Weapons
 12437 | Lair:5   | 12437 ||| INVOKING Heroism.
 12522 | Lair:5   | Gained mutation: Your large and strong wings let you fly.
                  | [Gargoyle growth]
 12522 | Lair:5   | Reached XP level 14. HP: 90/90 MP: 21/21
 12550 | Lair:5   | Found a runed translucent door.
 12554 | Lair:5   | Found a staircase to the Slime Pits.
 12609 | Lair:5   | Received a gift from Okawaru
 12617 | Lair:5   | 12617 ||| INVOKING Heroism.
 12710 | Lair:5   | 12710 ||| INVOKING Heroism.
 12711 | Lair:5   | 12711 ||| INVOKING Finesse.
 12737 | Lair:5   | Reached skill level 18 in Ranged Weapons
 12964 | Lair:5   | Noticed a dire elephant
 12964 | Lair:5   | Noticed a dire elephant
 13005 | Lair:5   | 13005 ||| INVOKING Heroism.
 13010 | Lair:5   | HP: 22/91 [elephant simulacrum (23)]
 13011 | Lair:5   | 13011 ||| READING 2 scrolls of teleportation.
 13014 | Lair:5   | HP: 10/91 [spectral death yak (11)]
 13015 | Lair:5   | Mangled by an elephant simulacrum

Levels and vault maps discovered:
D:1:      lightli_arrival_statue_moat, layout_rooms
D:2:      layout_loops_ring, dreamdust_ecumenical_altar_grove
D:3:      minmay_roachtagon, layout_basic, serial_aquarium,
          aquarium_bridge_long_separate [aquarium_subvault_bridge,
          aquarium_subvault_bridge, aquarium_subvault_bridge,
          aquarium_subvault_bridge, aquarium_subvault_wall,
          aquarium_subvault_bridge], aquarium_bridge_square
          [aquarium_subvault_bridge, aquarium_subvault_bridge,
          aquarium_subvault_bridge, aquarium_subvault_bridge],
          aquarium_window_corridor_3, aquarium_window_1, aquarium_view_2b,
          aquarium_balcony_double_4, aquarium_pool_2, minmay_cupped,
          uniq_grinder
D:4:      layout_basic, minmay_overflow_temple_star_quad, nicolae_titane,
          uniq_sigmund, uniq_eustachio
D:5:      layout_basic, kennysheep_pointless_box
D:6:      layout_loops_ring, kennysheep_mini, serial_shops, nicolae_shop_stone,
          grunt_ministairs_12, minmay_misc_feat_alley
D:7:      layout_loops_cross, mainiacjoe_overflow_catwalk,
          minmay_temple_entry_hall, chequers_garden, kb_lookout_dungeons_type,
          lemuel_flamethrower_2, uniq_duvessa
D:8:      layout_loops_ring, kennysheep_just_a_vault
D:9:      layout_long_grid, pdpol_wu_jian_five_deadly_venoms, elyvilon_altar_4,
          minmay_misc_feat_cross
D:10:     layout_basic, lair_entry_dummy, enter_bailey_5, uniq_erica, uniq_urug
Lair:1:   layout_regular_city, basic_altar, serial_bayou_pond_e, tgw_fedhas,
          grunt_megastairs_1
Lair:2:   layout_cave_pods, guppyfry_snake_entry_island, gammafunk_ghost_arena,
          minivault_19
Lair:3:   layout_cave_pods, minmay_swamp_entry_eels, grunt_megastairs_5,
          infiniplex_staircase_pool_2
Lair:4:   layout_gridlike, lemuel_fruit_tree, infiniplex_staircase_pool
Lair:5:   due_jungle_book, layout_concentric_octagons, slime_entry_2,
          fungi_pond_lemuel, chequers_serial_rivers_small_a

Skill      XL: |  1  2  3  4  5  6  7  8  9 10 11 12 13 14 |
---------------+-------------------------------------------+-----
Ranged Weapons | 3 4 6 7 9 10 13 14 15 17 18 | 18.0
Fighting       | 2 3 4 5 7 8 9 10 11 | 11.7
Armour         | 1 2 3 4 5 6 |  6.0
Dodging        | 2 3 4 5 6 |  6.0
Invocations    | 2 4 7 10 | 10.0
Spellcasting   | |  1.0
Hexes          | |  2.6

Action                     |  1- 3 |  4- 6 |  7- 9 | 10-12 | 13-15 || total
---------------------------+-------+-------+-------+-------+-------++-------
   Fire: Sling             |   118 |   179 |   294 |       |       ||   591
         Orcbow            |       |       |    48 |   196 |       ||   244
         Longbow           |       |       |       |   551 |   586 ||  1137
 Invoke: Heroism           |       |       |    12 |    32 |    12 ||    56
         Finesse           |       |       |       |       |     2 ||     2
    Use: Scroll            |     4 |     5 |    10 |     7 |     5 ||    31
         Potion            |     1 |     2 |     2 |       |       ||     5
 Armour: Robe              |     8 |       |       |       |       ||     8
         Ring mail         |    19 |    59 |   177 |    85 |       ||   340
         Troll leather arm |       |       |       |   134 |   128 ||   262
  Dodge: Dodged            |    36 |    45 |   165 |   328 |   201 ||   775

Table legend:
 A = Non-vault XP
 B = Vault XP
 C = Vault XP percentage of total XP
 D = Non-vault monster count
 E = Vault monster count
 F = Vault count percentage of total count
                 A         B        C        D         E       F
            +---------+---------+-------+---------+---------+-------
      Total |   53900 |    9821 |  15.4 |     345 |      56 |  14.0
            +---------+---------+-------+---------+---------+-------
        D:1 |      31 |       0 |   0.0 |      18 |       0 |   0.0
        D:2 |      77 |       0 |   0.0 |      19 |       0 |   0.0
        D:3 |     155 |     332 |  68.2 |      20 |      13 |  39.4
        D:4 |     590 |     423 |  41.8 |      26 |       2 |   7.1
        D:5 |     602 |       0 |   0.0 |      19 |       0 |   0.0
        D:6 |     748 |     239 |  24.2 |      16 |       2 |  11.1
        D:7 |     977 |     323 |  24.8 |      17 |       3 |  15.0
        D:8 |     810 |     548 |  40.4 |      14 |       1 |   6.7
        D:9 |    2554 |       2 |   0.1 |      30 |       1 |   3.2
       D:10 |    3005 |    1655 |  35.5 |      12 |       6 |  33.3
     Lair:1 |    6347 |    2843 |  30.9 |      23 |      14 |  37.8
     Lair:2 |    5714 |     326 |   5.4 |      22 |       2 |   8.3
     Lair:3 |    7499 |    1845 |  19.7 |      23 |       9 |  28.1
     Lair:4 |    9050 |       0 |   0.0 |      40 |       0 |   0.0
     Lair:5 |   15741 |    1285 |   7.5 |      46 |       3 |   6.1
            +---------+---------+-------+---------+---------+-------
